 Dungeon Crawl Stone Soup version 0.17-a0-2127-g1cb09f6 (webtiles) character file.

152 Arkorax the Poker (level 5, -3/50 HPs)
             Began as a Naga Gladiator on Oct 22, 2015.
             Was a Believer of Vehumet.
             Slain by an orc
             ... wielding a +0 dagger
              (6 damage)
             ... on level 3 of the Dungeon.
             The game lasted 00:07:16 (2889 turns).

Arkorax the Poker (Naga Gladiator)                  Turns: 2889, Time: 00:07:16

Health: -3/50      AC:  6    Str: 18    XL:     5   Next: 34%
Magic:  5/5        EV: 10    Int:  8    God:    Vehumet [**....]
Gold:   167        SH:  0    Dex: 12    Spells: 0 memorised, 4 levels left

rFire  . . .     SeeInvis +     a - +0 trident
rCold  . . .     Clarity  .     b - +0 leather armour
rNeg   . . .     SustAt   .     (no shield)
rPois  +         Gourm    .     c - +0 helmet
rElec  .         Spirit   .     o - +1 cloak
rCorr  .         Warding  .     (no gloves)
rMut   .         Stasis   .     (no barding)
MR     .....                    (no amulet)
Stlth  +.........               (no ring)
                                (no ring)

@: very slow, not resistant to hostile enchantments, very unstealthy
A: see invisible, deformed body, poison resistance, slowness 2, slow metabolism
1, spit poison 2, AC +1
a: Spit Poison, Renounce Religion


You were on level 3 of the Dungeon.
You worshipped Vehumet.
Vehumet was pleased with you.
You were not hungry.

You visited 1 branch of the dungeon, and saw 3 of its levels.

You collected 167 gold pieces.

Inventory:

Hand Weapons
 a - a +0 trident (weapon)
Missiles
 d - 3 throwing nets (quivered)
 p - 2 javelins
Armour
 b - a +0 leather armour (worn)
 c - a +0 helmet (worn)
 o - a +1 cloak (worn)
 r - a +0 plate armour
Scrolls
 h - 4 scrolls of identify {unknown}
 i - a scroll of enchant weapon {unknown}
 j - 2 scrolls of fog {unknown}
 k - a scroll of enchant armour {unknown}
 l - 3 scrolls of recharging {unknown}
 s - a scroll of remove curse {unknown}
Potions
 g - a potion of flight {unknown}
 m - a potion of poison {unknown}
 n - a potion of haste {unknown}
 q - 2 potions of curing {unknown}
 t - a potion of heal wounds {unknown}
Comestibles
 e - 3 bread rations
 f - 3 meat rations


   Skills:
 * Level 4.0 Fighting
 + Level 4.5 Polearms
 - Level 1.7 Throwing
 - Level 0.2 Armour
 - Level 2.4 Dodging
 - Level 0.4 Stealth


You had 4 spell levels left.
You didn't know any spells.

Dungeon Overview and Level Annotations

Branches:
Dungeon (3/15)

Altars:
Vehumet


Innate Abilities, Weirdness & Mutations

You cannot wear boots.
Your serpentine skin is tough (AC +1).
You have supernaturally acute eyesight.
Armour fits poorly on your strangely shaped body.
Your system is resistant to poisons.
You cover ground very slowly.
You have a slow metabolism.
You can spit poison.


Message History

* * * LOW HITPOINT WARNING * * *
The orc completely misses you. The orc hits you but does no damage.
The orc hits you but does no damage. The orc closely misses you.
The orc misses you. The orc hits you but does no damage.
The orc hits you but does no damage. The orc hits you with a dagger.
* * * LOW HITPOINT WARNING * * *
The orc closely misses you. The orc closely misses you.
The orc hits you but does no damage. The orc hits you but does no damage.
The orc hits you with a dagger.
* * * LOW HITPOINT WARNING * * *
The orc hits you but does no damage. The orc closely misses you.
The orc hits you with a dagger.
You die...

##### ### #... ...
###########.###.#
#..........(....#
#.#######.....#####
#.# ##......... ##.##
##.###### ###...# #.#
#...#.# #@# #.#...#
#o# #.##### .o. #)####
..... #.##.## .......
###.#...####.........
...........+.........+
####....####.........#
#.#.##


You could see 2 orcs.

Vanquished Creatures
  An orc wizard (D:3)
  3 adders (D:3)
  An ooze (D:1)
  5 worms
  3 giant geckos (D:1)
  11 orcs (D:3)
  4 giant cockroaches
  4 hobgoblins
  3 jackals (D:1)
  9 kobolds
  A quokka (D:2)
  9 bats
  4 giant newts
  5 goblins (D:1)
  7 rats
70 creatures vanquished.

Notes
Turn   | Place    | Note
--------------------------------------------------------------
     0 | D:1      | Arkorax the Naga Gladiator began the quest for the Orb.
     0 | D:1      | Reached XP level 1. HP: 19/19 MP: 1/1
   122 | D:1      | Reached XP level 2. HP: 9/26 MP: 2/2
   792 | D:1      | Reached XP level 3. HP: 23/33 MP: 3/3
  1167 | D:2      | Found a faded altar to an unknown god.
  1183 | D:2      | Became a worshipper of Vehumet
  1183 | D:2      | Reached * piety under Vehumet
  1183 | D:2      | Offered knowledge of Freeze by Vehumet.
  1674 | D:2      | Reached skill level 4 in Polearms
  1674 | D:2      | Reached XP level 4. HP: 30/42 MP: 4/4
  1872 | D:3      | Reached ** piety under Vehumet
  1872 | D:3      | Offered knowledge of Magic Dart by Vehumet.
  2419 | D:3      | Reached XP level 5. HP: 31/50 MP: 5/5
  2889 | D:3      | Slain by an orc

Vault maps used:
D:1:      lemuel_arrival_cross
D:2:      ecumenical_altar_1
D:3:      nicolae_overflow_crystal_walls, minivault_5, uniq_robin

Action                   |  1- 3 |  4- 6 || total
-------------------------+-------+-------++-------
Melee: Trident           |   157 |    96 ||   253
 Abil: Spit Poison       |     3 |     2 ||     5
 Stab: Sleeping          |       |     2 ||     2
  Eat: Chunk             |     2 |     3 ||     5
